 Dungeon Crawl Stone Soup version 0.28-a0-535-g6f645e4c1d (webtiles) character file.

Game seed: 711171097732172385

43335 toffzen the Warrior (level 14, 0/114 HPs)
             Began as a Djinni Cinder Acolyte on Sept 24, 2021.
             Was a High Priest of Ignis.
             Slain by a seven-headed hydra (8 damage)
             ... on level 3 of the Lair of Beasts on Sept 26, 2021.
             The game lasted 01:00:00 (31283 turns).

toffzen the Warrior (Djinni Cinder Acolyte)        Turns: 31283, Time: 01:00:01

Health: 0/114      AC:  9    Str: 13    XL:     14   Next: 60%
Gold:   2056       EV: 19    Int: 21    God:    Ignis [*****.] SH:  0 Dex: 14

rFire   + + +      SeeInvis .   a - +8 scimitar of Pandemonium {speed, *Rage *Slow Dex+5 Stlth+}
rCold   . . .      Faith    .   (no shield)
rNeg    . . .      Spirit   .   z - +2 robe {rC+ rF+}
rPois   ∞          Reflect  .   w - +2 helmet
rElec   .          Harm     .   (no cloak)
rCorr   +          Rampage  .   F - +1 pair of gloves
Will    +....      Rage     20% (boots unavailable)
Stlth   ++........              (no amulet)
HPRegen 0.29/turn               x - ring of resist corrosion
MPRegen 0.00/turn               (no ring)

@: flying
A: sickness immunity, fire resistance 2, cold vulnerability 1, float, innate
caster, hp casting, extra vitality 1
a: Renounce Religion, Sea of Fire, Foxfire Swarm, Rising Flame


You were on level 3 of the Lair of Beasts.
You worshipped Ignis.
Ignis was extremely pleased with you.
You visited 3 branches of the dungeon, and saw 16 of its levels.

You collected 2645 gold pieces.
You spent 589 gold pieces at shops.

Inventory:

Hand Weapons
 a - the +8 scimitar of Pandemonium (weapon) {speed, *Rage *Slow Dex+5 Stlth+}
   (You bought it in a shop on level 2 of the Orcish Mines)

   Attacks with this weapon are significantly faster.
   Dex:       It affects your dexterity (+5).
   *Rage:     It lets you go berserk by making a melee attack (+20% chance).
   *Slow:     It may slow you when you take damage.
   Stlth:     It makes you more stealthy.
 E - a +0 falchion of flaming
Missiles
 d - 436 stones
 l - 47 poisoned darts
 p - a throwing net
Armour
 b - a +0 robe
 w - a +2 helmet (worn)
 z - a +2 robe of resistance (worn)
 F - a +1 pair of gloves (worn)
Jewellery
 x - a ring of resist corrosion (left hand)
Wands
 k - a wand of flame (28)
 s - a wand of iceblast (14)
 u - a wand of paralysis (8)
 A - a wand of acid (2)
 H - a wand of polymorph (10)
Scrolls
 g - 2 scrolls of magic mapping
 i - 2 scrolls of vulnerability
 m - a scroll of enchant weapon
 o - a scroll of holy word
 v - a scroll of silence
 y - 7 scrolls of identify
Potions
 c - 3 potions of attraction
 e - a potion of haste
 h - 5 potions of curing
 j - a potion of mutation
 q - a potion of berserk rage
 r - 2 potions of invisibility
 t - 2 potions of resistance
 B - a potion of lignification
 C - a potion of brilliance
 D - 3 potions of cancellation
 G - a potion of ambrosia


   Skills:
 + Level 15.1 Fighting
 - Level 2.6 Long Blades
 + Level 13.7 Dodging
 + Level 11.9 Spellcasting


You had 14 spell levels left.
You knew the following spells:

 Your Spells              Type           Power      Damage    Failure   Level
a - Scorch                Fire           100%       2d10      1%          2
b - Animate Skeleton      Necr           100%       N/A       1%          1
c - Ensorcelled Hibernat  Hex/Ice        100%       N/A       1%          2
d - Call Canine Familiar  Summ           58%        N/A       1%          3
e - Animate Dead          Necr           29%        N/A       1%          4
f - Lightning Bolt        Conj/Air       29%        1d45      1%          5
g - Summon Forest         Summ/Tloc      29%        N/A       1%          5
Your spell library was empty.

Dungeon Overview and Level Annotations

Branches:
Dungeon (11/15)            Temple (0/1) D:5            Lair (3/6) D:11
  Swamp (0/4) Lair:2        Snake (0/4) Lair:2          Orc (2/2) D:9
    Elf (0/3) Orc:2

Altars:
Elyvilon
Kikubaaqudgha
Ru
Vehumet
Beogh

Shops:
D:6 *   D:8 *   Orc:2 !(::

Annotations:
D:2 exclusion: downstairs
D:4 1 runed translucent door, NigelTetley's ghost, novice TrFi
D:7 3 runed translucent doors, NigelTetley's ghost, novice TrFi
D:9 3 runed translucent doors, TreWolfie's ghost, journeyman VSFi
Lair:1 exclusion: oklob plant
Lair:2 exclusion: ice statue


Innate Abilities, Weirdness & Mutations

You are immune to sickness and miasma.
You are immune to poison.
Your flesh is very heat resistant. (rF++)
You are vulnerable to cold. (rC-)
You float through the air rather than walking.
You learn spells naturally, not from books.
Your magical power is your life essence.
You have superior vitality. (+4 HP)


Message History

The four-headed hydra completely misses your dryad.
Tree limbs sway around you.
Your dryad hits the four-headed hydra!
The four-headed hydra misses your dryad.
The four-headed hydra bites your dryad! x2
Your dryad dies!
Your dryad's corpse disappears in a puff of smoke!
The forest abruptly stops moving.
The vine falls limply to the ground.
The four-headed hydra roars!
Space becomes stable.
There is a stone staircase leading up here.
There is a stone staircase leading up here.
You see here a bullfrog skeleton.
You see here a bullfrog skeleton.
Casting: Summon Forest (mildly dangerous; 1% risk of failure)
Confirm with . or Enter, or press ? or * to list all spells.
Aiming: Ensorcelled Hibernation (safe; 1% risk of failure)
Press: ? - help, Shift-Dir - straight line, f - seven-headed hydra
Aim: a seven-headed hydra (chance to affect: 37%)
The seven-headed hydra easily resists.
* * * LOW HITPOINT WARNING * * *
The seven-headed hydra misses you.
The seven-headed hydra closely misses you.
The seven-headed hydra barely misses you.
The seven-headed hydra bites you but does no damage.
The seven-headed hydra closely misses you.
The seven-headed hydra completely misses you.
The seven-headed hydra bites you but does no damage.
Casting: Ensorcelled Hibernation (safe; 1% risk of failure)
Confirm with . or Enter, or press ? or * to list all spells.
Aiming: Ensorcelled Hibernation (safe; 1% risk of failure)
Press: ? - help, Shift-Dir - straight line, f/p - seven-headed hydra
Aim: a seven-headed hydra (chance to affect: 37%)
The seven-headed hydra easily resists.
* * * LOW HITPOINT WARNING * * *
The seven-headed hydra misses you.
The seven-headed hydra bites you but does no damage. x2
The seven-headed hydra barely misses you.
The seven-headed hydra bites you!
You die...

#..........#### ..≈
##....#.......# #...≈≈≈≈≈≈≈≈≈
##..#D...#...###..≈≈≈≈≈..≈≈≈≈
###.÷###..÷.....#...≈≈≈≈.>≈≈≈≈≈≈
#...D.#..D#.#.#.#...≈≈≈≈≈≈≈≈≈≈.P
##....##............≈≈≈≈≈≈≈≈≈≈.#
#........#.#.#.##...≈≈≈≈≈≈≈≈≈..
#..........D.D..#.....≈≈≈≈≈...#
#........#.#.#@#......≈≈≈.≈.P#
##.P#####............#..≈P###
##..# #.#.#.#<##....##..##
#..#####.............##.##
#.....................#.#
#....................##.♣
##..##..#.##.....#....#..♣##♣###
#....♣####..#............D##...♣
#...#####................#......


You could see a seven-headed hydra and a four-headed hydra.

Vanquished Creatures
  Jorgrun (Orc:1)
  Josephine (D:10)
  A boulder beetle (D:11)
  Erolcha (Orc:1)
  4 ogre magi (Orc:2)
  An ice dragon (Lair:1)
  3 hydras
  3 two-headed ogres
  Erica (D:9)
  Nergalle (D:10)
  An ugly thing (D:11)
  A deep elf pyromancer (D:8)
  6 orc sorcerers (Orc:2)
  A cyclops (Orc:2)
  2 centaur zombies
  Joseph (D:8)
  2 black mambas
  10 cane toads
  2 komodo dragons
  A troll (D:10)
  A hornet (D:10)
  2 polar bears (Lair:2)
  A slime creature (D:10)
  Grinder (D:4)
  A vampire (D:11)
  A shadow (D:10)
  A wyvern (D:9)
  4 wraiths
  19 yaks
  3 steam dragons
  A basilisk (D:7)
  3 wargs (Orc:1)
  3 swamp worms (Lair:2)
  2 nagas (Lair:2)
  8 water moccasins
  15 orc warriors
  2 black bears (D:7)
  4 ice beasts
  6 ogres
  2 necrophages
  2 phantoms (D:4)
  4 centaurs
  4 kobold brigands
  9 bullfrogs
  A gnoll sergeant (D:10)
  A scorpion (D:4)
  A water moccasin skeleton (D:4)
  8 wights
  10 killer bees
  3 howler monkeys
  A bullfrog zombie (D:5)
  3 hounds (D:6)
  A jelly (D:6)
  8 orc priests
  A centaur skeleton (D:6)
  A gnoll shaman (D:10)
  A bullfrog skeleton (D:6)
  24 orc wizards
  3 iguanas
  Natasha (twice) (D:2)
  2 hound skeletons (D:5)
  8 gnolls
  2 howler monkey zombies
  6 adders
  A howler monkey skeleton (D:4)
  5 white imps
  A worm (D:5)
  57 orcs
  4 endoplasms
  5 giant cockroaches
  5 goblins
  8 hobgoblins
  8 jackals
  6 quokkas
  6 ball pythons
  2 bats
  2 frilled lizards
  14 kobolds
  A rat (D:3)
355 creatures vanquished.

Vanquished Creatures (collateral kills)
  2 hydras (Lair:1)
  An ogre mage (Orc:2)
  A catoblepas (Lair:3)
  A two-headed ogre (D:11)
  Urug (D:10)
  2 orc knights
  An orc sorcerer (Orc:2)
  3 komodo dragons
  A troll (Orc:2)
  4 blink frogs (Lair:2)
  A polar bear (Lair:2)
  2 wraiths
  3 yaks
  A basilisk (Lair:1)
  2 wargs
  2 nagas (Lair:2)
  A water moccasin (Lair:2)
  2 floating eyes (D:10)
  10 orc warriors
  A black bear (Lair:2)
  3 ice beasts (Lair:2)
  2 ogres (Orc:2)
  A bullfrog (Lair:2)
  2 howler monkeys (D:9)
  7 orc priests
  10 orc wizards
  A white imp (D:7)
  23 orcs
  5 hobgoblins (Orc:1)
  A bush (Lair:2)
97 creatures vanquished.

Vanquished Creatures (others)
  A bush (D:4)
  A butterfly (D:10)
  16 foxfires (D:6)
  24 fungi
  38 plants
  4 snaplasher vines
84 creatures vanquished.

Grand Total: 536 creatures vanquished

Notes
Turn   | Place    | Note
-------+----------+-------------------------------------------
     0 | D:1      | toffzen the Djinni Cinder Acolyte began the quest for the
                  | Orb.
     0 | D:1      | Reached XP level 1. HP: 20/20 MP: 0/0
   349 | D:1      | Reached XP level 2. HP: 14/25 MP: 0/0
  1326 | D:1      | Reached XP level 3. HP: 28/30 MP: 0/0
  1326 | D:1      | Learned a level 1 spell: Animate Skeleton
  1512 | D:2      | Noticed Natasha
  1525 | D:2      | Killed Natasha
  1710 | D:2      | Found a faded altar of an unknown god.
  1789 | D:2      | Reached XP level 4. HP: 35/37 MP: 0/0
  1904 | D:2      | Reached skill level 4 in Fighting
  2182 | D:2      | Noticed Natasha
  2184 | D:2      | Killed Natasha
  2384 | D:2      | Found a sacrificial altar of Ru.
  2552 | D:3      | Noticed a bullfrog
  2679 | D:3      | Reached XP level 5. HP: 31/42 MP: 0/0
  2679 | D:3      | Learned a level 2 spell: Ensorcelled Hibernation
  2919 | D:3      | Killed a bullfrog
  3707 | D:4      | Reached skill level 5 in Fighting
  3707 | D:4      | Reached XP level 6. HP: 40/49 MP: 0/0
  3999 | D:4      | Found a runed translucent door.
  4012 | D:4      | Noticed NigelTetley's ghost (novice TrFi)
  4015 | D:4      | Noticed a necrophage
  4490 | D:4      | Reached XP level 7. HP: 44/55 MP: 0/0
  4490 | D:4      | Learned a level 3 spell: Call Canine Familiar
  4914 | D:4      | Reached skill level 6 in Fighting
  5467 | D:4      | Noticed Grinder
  5477 | D:4      | Killed Grinder
  5478 | D:4      | Reached skill level 5 in Spellcasting
  5478 | D:4      | Reached XP level 8. HP: 46/62 MP: 0/0
  5919 | D:5      | Entered Level 5 of the Dungeon
  5996 | D:5      | Reached skill level 7 in Fighting
  6560 | D:5      | Found a staircase to the Ecumenical Temple.
  7519 | D:6      | Reached XP level 9. HP: 29/70 MP: 0/0
  7519 | D:6      | Learned a level 4 spell: Animate Dead
  7526 | D:6      | Reached skill level 8 in Fighting
  8290 | D:6      | Found Riafubud's Assorted Antiques.
  8574 | D:7      | Reached skill level 1 in Dodging
  8686 | D:7      | Found a runed translucent gate.
  8686 | D:7      | Found a runed translucent gate.
  8686 | D:7      | Found a runed translucent gate.
  8687 | D:7      | Noticed a kobold demonologist
  8879 | D:7      | Reached skill level 9 in Fighting
  8886 | D:7      | Noticed a two-headed ogre
  8894 | D:7      | Killed a two-headed ogre
  8895 | D:7      | Reached XP level 10. HP: 60/78 MP: 0/0
  9760 | D:7      | Noticed NigelTetley's ghost (novice TrFi)
 10117 | D:8      | Found Bitz's Assorted Antiques.
 10309 | D:8      | Reached skill level 10 in Fighting
 10400 | D:8      | Reached skill level 5 in Dodging
 10821 | D:8      | Noticed Joseph
 10830 | D:8      | Killed Joseph
 11355 | D:8      | Noticed a deep elf pyromancer
 11360 | D:8      | Killed a deep elf pyromancer
 11493 | D:9      | Found a runed translucent gate.
 11493 | D:9      | Found a runed translucent gate.
 11493 | D:9      | Found a runed translucent gate.
 11542 | D:9      | Found a staircase to the Orcish Mines.
 12107 | D:9      | Reached XP level 11. HP: 74/86 MP: 0/0
 12107 | D:9      | Learned a level 5 spell: Lightning Bolt
 12364 | D:9      | Noticed TreWolfie's ghost (journeyman VSFi)
 13027 | D:9      | Reached skill level 11 in Fighting
 13437 | D:9      | Noticed Erica
 13443 | D:9      | Killed Erica
 13674 | D:10     | Entered Level 10 of the Dungeon
 13876 | D:10     | Noticed Urug
 15585 | D:10     | Found a white marble altar of Elyvilon.
 16446 | D:10     | Identified a scroll of acquirement
 16447 | D:10     | Acquired 679 gold pieces
 16475 | D:10     | Noticed a two-headed ogre
 16867 | D:10     | Killed a two-headed ogre
 16878 | D:10     | Noticed Nergalle
 16884 | D:10     | Killed Nergalle
 16885 | D:10     | Reached skill level 12 in Fighting
 16885 | D:10     | Reached XP level 12. HP: 53/95 MP: 0/0
 17202 | D:10     | Paralysed by a floating eye for 4 turns
 17210 | D:10     | Killed Urug
 17547 | D:10     | Noticed Josephine
 17556 | D:10     | Killed Josephine
 18395 | D:11     | Noticed a two-headed ogre
 18416 | D:11     | Killed a two-headed ogre
 18417 | D:11     | Reached skill level 10 in Dodging
 18893 | D:11     | Found a staircase to the Lair.
 18911 | D:11     | Noticed a boulder beetle
 19164 | D:11     | Noticed a two-headed ogre
 19170 | D:11     | Killed a two-headed ogre
 19206 | D:11     | Reached skill level 10 in Spellcasting
 19637 | D:11     | Killed a boulder beetle
 20143 | Lair:1   | Entered Level 1 of the Lair of Beasts
 20233 | Lair:1   | Noticed a seven-headed hydra
 20240 | Lair:1   | Killed a seven-headed hydra
 20248 | Lair:1   | Reached skill level 13 in Fighting
 20656 | Lair:1   | Reached XP level 13. HP: 81/103 MP: 0/0
 20656 | Lair:1   | Learned a level 5 spell: Summon Forest
 22098 | Lair:2   | Noticed an ice dragon
 22125 | Lair:2   | Noticed a five-headed hydra
 22447 | Lair:1   | Killed a five-headed hydra
 22529 | Lair:2   | Noticed an eight-headed hydra
 22947 | Lair:2   | Noticed a four-headed hydra
 22955 | Lair:2   | Noticed a seven-headed hydra
 23621 | D:11     | Upgraded the game from 0.28-a0-529-g3bad584f25 to
                  | 0.28-a0-535-g6f645e4c1d
 23665 | Orc:1    | Entered Level 1 of the Orcish Mines
 24269 | Orc:1    | Identified the +4 great sword "Puun" {antimagic, rPois
                  | Int-5 Dex+4}
 24612 | Orc:1    | Noticed Jorgrun
 24965 | Orc:1    | Noticed Erolcha
 25024 | Orc:1    | Killed Erolcha
 25187 | Orc:1    | Killed Jorgrun
 25744 | Orc:1    | Reached skill level 14 in Fighting
 26068 | Orc:2    | Entered Level 2 of the Orcish Mines
 26472 | Orc:2    | Found a staircase to the Elven Halls.
 27066 | Orc:2    | Noticed an ogre mage
 27103 | Orc:2    | Killed an ogre mage
 27358 | Orc:2    | Noticed an ogre mage
 27374 | Orc:2    | Killed an ogre mage
 27488 | Orc:2    | Found Tudumu's Book Shoppe.
 27663 | Orc:2    | Noticed an ogre mage
 27669 | Orc:2    | Killed an ogre mage
 27670 | Orc:2    | Reached XP level 14. HP: 82/112 MP: 0/0
 27983 | Orc:2    | Found Ziriotsen's Book Shoppe.
 28307 | Orc:2    | Found Sejy's Antique Weapon Shoppe.
 28401 | Orc:2    | Found Feegixo's Distillery.
 28416 | Orc:2    | Bought a potion of curing for 33 gold pieces
 28416 | Orc:2    | Bought a potion of resistance for 110 gold pieces
 28416 | Orc:2    | Bought a potion of resistance for 110 gold pieces
 28416 | Orc:2    | Bought a potion of curing for 33 gold pieces
 28416 | Orc:2    | Bought a potion of lignification for 33 gold pieces
 28423 | Orc:2    | Bought a jewelled scimitar for 270 gold pieces
 28423 | Orc:2    | Identified the +8 scimitar of Pandemonium {speed, *Rage
                  | *Slow Dex+5 Stlth+} (You bought it in a shop on level 2 of
                  | the Orcish Mines)
 29940 | Lair:2   | Found a staircase to the Snake Pit.
 30144 | Lair:2   | Reached skill level 15 in Fighting
 30658 | Lair:2   | Found a staircase to the Swamp.
 31245 | Lair:3   | HP: 1/114 [seven-headed hydra (8)]
 31283 | Lair:3   | Slain by a seven-headed hydra

Illustrated notes

Levels and vault maps discovered:
D:1:      dpeg_arrival_oval, layout_basic, minivault_4
D:2:      layout_loops_cross, basic_altar, hellmonk_ecumenical_altar_zigzags,
          uniq_natasha
D:3:      layout_basic
D:4:      minmay_angry_zag, layout_basic, ebering_ghost_reflecting_pool,
          minmay_misc_feat_cross, minmay_hedge_maze, roderic_lattice_a,
          minmay_increasing_density, uniq_grinder
D:5:      layout_loops_ring, minmay_temple_entry_stoned_glass
D:6:      layout_loops_cross, serial_shops, kennysheep_little_box,
          chequers_garden
D:7:      layout_cave_pods, gammafunk_ghost_nasty_kobolds
D:8:      layout_gridville, serial_shops, nicolae_stop_n_shop_1,
          serial_park_tiny_1, minmay_tree_intersection,
          guppyfry_early_elven_hall, uniq_joseph
D:9:      kennysheep_six_static_rooms, layout_gridville,
          minmay_orc_entry_temple_small, gammafunk_ghost_spectres,
          hangedman_abyss_or_decor_jellyfish_corner, uniq_erica
D:10:     layout_long_grid, nicolae_elyvilon_peaceful_grove, onia_ninara_cookie,
          uniq_nergalle, uniq_urug, uniq_josephine
D:11:     layout_loops_ring, lair_entry_dummy
Lair:1:   minmay_lair_oklob_tunnel, layout_chaotic_city, lemuel_fruit_fields
Lair:2:   layout_regular_city, palyth_hydra_swamp_entry,
          guppyfry_snake_entry_garden, ice2_lemuel
Lair:3:   layout_gridlike, gauntlet_entry_generic, st_stairs_8,
          grunt_forest_small_clearing_treed, infiniplex_staircase_pool_2,
          grunt_megastairs_3
Orc:1:    cheibrodos_orc_bank, layout_diamond_mine, nooodl_orcs_dogs,
          uniq_erolcha, uniq_jorgrun
Orc:2:    kennysheep_orc_mage_school, layout_diamond_mine

Skill      XL: |  1  2  3  4  5  6  7  8  9 10 11 12 13 14 |
---------------+-------------------------------------------+-----
Spellcasting   | 3 4 5 6 7 8 9 10 11 | 11.9
Fighting       | 4 5 6 7 9 10 12 13 14 15 | 15.1
Dodging        | 3 6 9 10 12 13 | 13.7
Long Blades    | |  2.6

Action                   |  1- 3 |  4- 6 |  7- 9 | 10-12 | 13-15 || total
-------------------------+-------+-------+-------+-------+-------++-------
Melee: Falchion          |    34 |       |       |       |       ||    34
       Scimitar          |       |       |       |       |     2 ||     2
 Cast: Scorch            |    22 |    47 |   124 |   306 |   181 ||   680
       Animate Skeleton  |       |     1 |     5 |     1 |       ||     7
       Call Canine Famil |       |       |     6 |    47 |    39 ||    92
       Ensorcelled Hiber |       |       |     1 |       |     2 ||     3
       Animate Dead      |       |       |       |    11 |     4 ||    15
       Lightning Bolt    |       |       |       |    60 |   110 ||   170
       Summon Forest     |       |       |       |       |    38 ||    38
Invok: Foxfire Swarm     |       |       |     1 |       |       ||     1
Evoke: Wand              |       |     3 |    12 |     6 |       ||    21
  Use: Scroll            |       |     5 |     2 |    16 |    11 ||    34
       Potion            |       |       |     1 |     1 |     4 ||     6
Armor: Robe              |    15 |       |     3 |    27 |    71 ||   116
Dodge: Dodged            |    20 |     4 |    18 |   109 |   126 ||   277

Table legend: (Time is in decaauts)
 A = Elapsed time spent in this place.
 B = Non-inter-level travel time spent in this place.
 C = Inter-level travel time spent in this place.
 D = Time resting spent in this place.
 E = Time spent auto-exploring this place.
 F = Levels seen in this place.
 G = Mean time per level.
                   A        B        C        D        E       F      G
               +--------+--------+--------+--------+--------+-----+--------+
         Total |  31304 |  30352 |    952 |  15102 |   6677 |  16 | 1956.5 |
       Dungeon |  21494 |  20763 |    731 |  10221 |   4650 |  11 | 1954.0 |
          Lair |   4860 |   4759 |    101 |   2607 |   1063 |   3 | 1620.0 |
  Orcish Mines |   4950 |   4830 |    120 |   2274 |    964 |   2 | 2475.0 |
               +--------+--------+--------+--------+--------+-----+--------+

Top non-repeatable levels by time:
     D:9: 4119 daAuts
    D:10: 2960 daAuts
    D:11: 2651 daAuts
   Orc:2: 2547 daAuts
  Lair:1: 2524 daAuts
   Orc:1: 2402 daAuts
     D:4: 2125 daAuts
  Lair:2: 1888 daAuts
     D:7: 1677 daAuts
     D:1: 1666 daAuts
     D:8: 1635 daAuts
     D:5: 1557 daAuts
     D:3: 1245 daAuts
     D:6: 934 daAuts
     D:2: 920 daAuts
